 Dungeon Crawl Stone Soup version 0.19.0-2-gae57169 (webtiles) character file.

176 varam the Ducker (level 5, -1/41 HPs)
             Began as a Mummy Gladiator on Nov 4, 2016.
             Was an Initiate of Gozag.
             Slain by a slave (3 damage)
             ... led by Pikel
             ... on level 3 of the Dungeon.
             The game lasted 00:10:35 (3137 turns).

varam the Ducker (Mummy Gladiator)                  Turns: 3137, Time: 00:10:36

Health: -1/41      AC:  4    Str: 19    XL:     5   Next: 30%
Magic:  5/5        EV: 13    Int:  8    God:    Gozag
Gold:   182        SH:  0    Dex: 12    Spells: 0 memorised, 4 levels left

rFire  x . .     SeeInvis .     a - +0 war axe
rCold  + . .     Gourm    .     b - +0 leather armour
rNeg   + + +     Faith    .     (no shield)
rPois  ∞         Spirit   .     c - +0 helmet
rElec  .         Reflect  .     (no cloak)
rCorr  .         Harm     .     (no gloves)
MR     +....                    (no boots)
Stlth  +.........               (no amulet)
                                k - ring of poison resistance
                                h - ring of protection from magic

@: no status effects
A: no food or potions, fire vulnerability, cold resistance 1, negative energy
resistance 3, torment resistance, unbreathing
a: Potion Petition, Call Merchant, Bribe Branch, Renounce Religion


You were on level 3 of the Dungeon.
You worshipped Gozag.
Gozag was aware of your devotion.
You were not hungry.

You visited 2 branches of the dungeon, and saw 5 of its levels.

You collected 270 gold pieces.
You paid 88 gold pieces to Gozag.

Inventory:

Hand Weapons
 a - a +0 war axe (weapon)
Missiles
 d - 3 throwing nets (quivered)
Armour
 b - a +0 leather armour (worn)
 c - a +0 helmet (worn)
Jewellery
 h - a ring of protection from magic (left hand)
 k - a ring of poison resistance (right hand)
Scrolls
 e - 4 scrolls of remove curse
 f - a scroll of enchant armour
 g - a scroll of random uselessness {unknown}
 i - 3 scrolls of identify
 j - a scroll of immolation {unknown}
 l - 2 scrolls of magic mapping {unknown}
 m - a scroll of amnesia {unknown}
 n - a scroll of blinking {unknown}


   Skills:
 + Level 3.0 Fighting
 - Level 3.4 Axes
 - Level 1.5 Throwing
 + Level 3.8 Dodging


You had 4 spell levels left.
You didn't know any spells.

Dungeon Overview and Level Annotations

Branches:
Dungeon (4/15)             Temple (1/1) D:4

Altars:
Dithmenos
Gozag
Hepliaklqana
Makhleb
Nemelex Xobeh
Okawaru
Ru
Sif Muna
Trog
Vehumet

Annotations:
D:4 Pikel


Innate Abilities, Weirdness & Mutations

You do not eat or drink.
Your flesh is vulnerable to fire.
You are immune to poison.
Your flesh is cold resistant. (rC+)
You are immune to negative energy. (rN+++)
You are immune to unholy pain and torment.
You can survive without breathing.


Message History

You closely miss the slave.
The slave is heavily wounded.
The slave hits you!
* * * LOW HITPOINT WARNING * * *
The slave hits you.
* * * LOW HITPOINT WARNING * * *
You slash the slave!
The slave is almost dead.
The slave hits you.
* * * LOW HITPOINT WARNING * * *
The slave barely misses you.
You see here 8 gold pieces.
You closely miss the slave.
The slave is almost dead.
The slave misses you.
You hit the slave but do no damage.
The slave is almost dead.
The slave hits you.
You die...
Your body crumbles into a pile of gold.

## #### .. ....# #.
..... #.####.....
#.#........
##.###.#........
............#
#.$....@...#
#####.#p#.## ##
#.#.#.##.# ..
#.#.#.##.# # ###.
#.#.#.##.# #.#...
..#.#.##.######.#.#.
#.#>................
####.###..#.######.#.#.
..........#.######.....


You could see a slave.

Vanquished Creatures
  A slave (Temple)
  An orc priest (D:3)
  Ijyb (D:3)
  An adder (D:2)
  4 gnolls
  2 dart slugs (D:1)
  A leopard gecko (Temple)
  5 orcs
  6 bats
  3 giant cockroaches
  2 hobgoblins (D:1)
  8 jackals
  10 kobolds
  A ball python (D:1)
  3 frilled lizards
  10 goblins
  6 rats
65 creatures vanquished.

Vanquished Creatures (others)
  4 toadstools (D:1)
4 creatures vanquished.

Grand Total: 69 creatures vanquished

Notes
Turn   | Place    | Note
-------+----------+-------------------------------------------
     0 | D:1      | varam the Mummy Gladiator began the quest for the Orb.
     0 | D:1      | Reached XP level 1. HP: 16/16 MP: 1/1
    63 | D:1      | Reached XP level 2. HP: 7/22 MP: 2/2
   489 | D:1      | Reached skill level 3 in Axes
   520 | D:1      | Found a sparkling altar of Nemelex Xobeh.
   633 | D:1      | Reached XP level 3. HP: 27/27 MP: 3/3
   959 | D:2      | Reached skill level 3 in Dodging
  1742 | D:3      | Noticed Ijyb
  1762 | D:3      | Killed Ijyb
  1762 | D:3      | Reached XP level 4. HP: 31/33 MP: 4/4
  1849 | D:4      | Found a staircase to the Ecumenical Temple.
  1849 | D:4      | Noticed Pikel
  1849 | D:4      | Noticed a slave
  1849 | D:4      | Noticed a slave
  1849 | D:4      | Noticed a slave
  1849 | D:4      | Noticed a slave
  2272 | D:3      | Reached XP level 5. HP: 29/40 MP: 5/5
  2437 | Temple   | Entered the Ecumenical Temple
  2454 | Temple   | Became a worshipper of Gozag Ym Sagoz the Greedy
  2459 | Temple   | Killed a slave
  2832 | D:3      | Reached skill level 3 in Fighting
  3128 | D:3      | HP: 3/41 [slave[Pikel] (2)]
  3129 | D:3      | HP: 1/41 [slave[Pikel] (3)]
  3137 | D:3      | Slain by a slave

Skill      XL: |  1  2  3  4  5 |
---------------+----------------+-----
Axes           | 3 |  3.4
Dodging        | 3 |  3.8
Fighting       | 3 |  3.0
Throwing       | |  1.5

Action                   |  1- 3 |  4- 6 || total
-------------------------+-------+-------++-------
Melee: War axe           |   128 |    80 ||   208
Invok: Potion Petition   |       |     1 ||     1
  Use: Scroll            |       |     2 ||     2
Armor: Leather armour    |    70 |    16 ||    86
Dodge: Dodged            |   126 |    62 ||   188
